 Dungeon Crawl Stone Soup version 0.28-a0-630-g0357d9c091 (webtiles) character file.

Game seed: 17563603398263967070

21 Conn the Firebug (level 2, -1/17 HPs)
             Began as an Octopode Fire Elementalist on Oct 9, 2021.
             Slain by a rat (2 damage)
             ... on level 1 of the Dungeon.
             The game lasted 00:01:13 (549 turns).

Conn the Firebug (Octopode Fire Elementalist)        Turns: 549, Time: 00:01:14

Health: -1/17      AC:  1    Str:  7    XL:     2   Next: 87%
Magic:  4/5        EV: 13    Int: 17    God:
Gold:   18         SH:  0    Dex: 12    Spells: 4/5 levels left

rFire   . . .      SeeInvis .   b - +0 short sword
rCold   . . .      Faith    .   (no shield)
rNeg    . . .      Spirit   .   (helmet restricted)
rPois   .          Reflect  .   (no amulet)
rElec   .          Harm     .   (no ring)
rCorr   .          Rampage  .   (no ring)
Will    .....                   (no ring)
Stlth   +++.......              (no ring)
HPRegen 0.05/turn               (no ring)
MPRegen 0.09/turn               (no ring)
                                (no ring)
                                (no ring)

@: no status effects
A: almost no armour, amphibious, 8 rings, camouflage 1, gelatinous body 1,
(nimble swimmer 1), tentacles
a: no special abilities


You were on level 1 of the Dungeon.
You visited 1 branch of the dungeon, and saw 1 of its levels.

You collected 18 gold pieces.

Inventory:

Hand Weapons
 b - a +0 short sword (weapon)
Scrolls
 a - a scroll of brand weapon {unknown}
 d - a scroll of acquirement {unknown}
Potions
 c - a potion of degeneration {unknown}


   Skills:
 + Level 2.2 Dodging
 + Level 3.0 Stealth
 + Level 2.1 Spellcasting
 + Level 1.4 Conjurations
 + Level 3.4 Fire Magic


You had 4 spell levels left.
You knew the following spells:

 Your Spells              Type           Power      Damage    Failure   Level
a - Foxfire               Conj/Fire      40%        2x1d6     7%          1

Your spell library contained the following spells:

 Spells                   Type           Power      Damage    Failure   Level
 Scorch                   Fire           26%        2d6       7%          2
 Conjure Flame            Conj/Fire      10%        6-21      22%         3
 Inner Flame              Hex/Fire       7%         N/A       28%         3
 Flame Wave               Conj/Fire      10%        3d4       56%         4


Dungeon Overview and Level Annotations

Branches:
Dungeon (1/15)

Altars:


Innate Abilities, Weirdness & Mutations

You cannot wear most types of armour.
You are amphibious.
You can wear up to eight rings at the same time.
Your skin changes colour to match your surroundings (Stealth+).
Your rubbery body absorbs attacks. (AC +1, EV +1)
((You are camouflaged near water. (Stealth+)))
You have tentacles for arms and can constrict up to eight enemies at once.


Message History

Confirm with . or Enter, or press ? or * to list all spells.
You conjure some foxfire!
Unknown command.
Casting: Foxfire (safe; 7% risk of failure)
Confirm with . or Enter, or press ? or * to list all spells.
You conjure some foxfire!
The foxfire hits the endoplasm.
You kill the endoplasm!
Your Stealth skill increases to level 3!
Unknown command.
Unknown command.
Unknown command.
Your foxfire dissipates!
Your foxfire dissipates!
A quokka comes into view.
A rat comes into view.
The quokka bites you.
You miss the quokka. You grab the quokka.
You constrict the quokka, but do no damage.
The quokka bites you. x2
Unknown command.
You hit the quokka.
The quokka is moderately wounded.
You constrict the quokka, but do no damage.
The quokka bites you.
* * * LOW HITPOINT WARNING * * *
You hit the quokka. Your squeeze misses the quokka.
The quokka is heavily wounded.
You constrict the quokka. The quokka barely misses you.
Unknown command.
You release your grip on the quokka.
The quokka bites you.
* * * LOW HITPOINT WARNING * * *
Found 10 gold pieces.
You barely miss the quokka. You grab the quokka.
The quokka is almost dead.
You constrict the quokka.
You kill the quokka!
Casting: Foxfire (safe; 7% risk of failure)
Confirm with . or Enter, or press ? or * to list all spells.
You conjure some foxfire!
The rat bites you.
You die...

###. #. #. #. #. ##
################.#
#..........v.....#
##
#.##.####.#@r...##
##. #..#
#.v........ #..
####. ##.#
###.#.....# #..
..... #.# #.#.....#
#<. ###### #.# #.#
....$ #.. .....#
#.## #.# ..... #..
..)..+ #..# ...
#... ##.
.....######.##.#.##
### ##
...................


You could see a rat (ally target).

Vanquished Creatures
  A ball python (D:1)
  2 bats (D:1)
  2 endoplasms (D:1)
  3 goblins (D:1)
  2 hobgoblins (D:1)
  4 kobolds (D:1)
  2 quokkas (D:1)
  A frilled lizard (D:1)
  A rat (D:1)
18 creatures vanquished.

Vanquished Creatures (others)
  39 foxfires (D:1)
39 creatures vanquished.

Grand Total: 57 creatures vanquished

Notes
Turn   | Place    | Note
-------+----------+-------------------------------------------
     0 | D:1      | Conn the Octopode Fire Elementalist began the quest for the
                  | Orb.
     0 | D:1      | Reached XP level 1. HP: 11/11 MP: 3/3
   172 | D:1      | Reached XP level 2. HP: 17/17 MP: 5/5
   549 | D:1      | Slain by a rat

Illustrated notes

Levels and vault maps discovered:
D:1:      lemuel_arrival_lava_pool, layout_basic, serial_curves, eino_curves_03,
          eino_curves_03, eino_curves_03

Skill      XL: |  1  2 |
---------------+-------+-----
Stealth        | 3 |  3.0
Dodging        | |  2.2
Spellcasting   | |  2.1
Conjurations   | |  1.4
Fire Magic     | |  3.4

Action                   || total
-------------------------++-------
Melee: Tentacles         ||     2
       Short sword       ||    13
       Constrict         ||     4
       Unarmed           ||     1
 Cast: Foxfire           ||    24
 Stab: Sleeping          ||     4
Dodge: Dodged            ||     6

Table legend: (Time is in decaauts)
 A = Elapsed time spent in this place.
 B = Non-inter-level travel time spent in this place.
 C = Inter-level travel time spent in this place.
 D = Time resting spent in this place.
 E = Time spent auto-exploring this place.
 F = Levels seen in this place.
 G = Mean time per level.
                   A        B        C        D        E       F      G
               +--------+--------+--------+--------+--------+-----+--------+
         Total |    549 |    549 |      0 |      0 |    391 |   1 |  549.0 |
       Dungeon |    549 |    549 |      0 |      0 |    391 |   1 |  549.0 |
               +--------+--------+--------+--------+--------+-----+--------+

Top non-repeatable levels by time:
     D:1: 549 daAuts
